 160 Aisha the Firebug (level 5, -3/31 HPs)
             Began as an Octopode Fire Elementalist on Oct 14, 2019.
             Slain by an orc
             ... wielding a +0 flail
              (8 damage)
             ... on level 2 of the Dungeon.
             The game lasted 00:12:46 (3438 turns).

Aisha the Firebug (Octopode Fire Elementalist)      Turns: 3438, Time: 00:12:46

Health: -3/31      AC:  1    Str:  7    XL:     5   Next: 41%
Magic:  2/9        EV: 13    Int: 19    God:
Gold:   125        SH:  0    Dex: 12    Spells: 3/9 levels left

rFire    . . .     SeeInvis .   (no weapon)
rCold    . . .     Gourm    .   (no shield)
rNeg     . . .     Faith    .   (helmet restricted)
rPois    .         Spirit   .   (no amulet)
rElec    .         Reflect  .   (no ring)
rCorr    .         Harm     .   (no ring)
MR       .....                  (no ring)
Stlth    +++.......             (no ring)
HPRegen  0.10/turn              (no ring)
MPRegen  0.11/turn              (no ring)
                                (no ring)
                                (no ring)

@: very slightly contaminated
A: almost no armour, stealthy swim, amphibious, 8 rings, constrict 8, camouflage
1, gelatinous body 1
a: no special abilities


Innate Abilities, Weirdness & Mutations

You cannot wear most types of armour.
You are very stealthy in the water. (Stealth+)
You are amphibious.
You can wear up to eight rings at the same time.
You can use your tentacles to constrict eight enemies at once.
Your skin changes colour to match your surroundings (Stealth+).
Your rubbery body absorbs attacks. (AC +1, EV +1)


   Skills:
 - Level 2.0 Dodging
 - Level 2.7 Stealth
 + Level 2.8 Spellcasting
 * Level 3.2 Conjurations
 * Level 4.3 Fire Magic


You had 3 spell levels left.
You knew the following spells:

 Your Spells              Type           Power        Failure   Level  Hunger
c - Conjure Flame         Conj/Fire      ###.....     10%         3    ###....
f - Throw Flame           Conj/Fire      ###...       4%          2    ##.....
z - Flame Tongue          Conj/Fire      ###..        3%          1    None

Your spell library contained the following spells:

 Spells                   Type           Power        Failure   Level  Hunger
 Inner Flame              Hex/Fire       ##......     19%         3    ###....
 Sticky Flame             Conj/Fire      ###.....     32%         4    ####...
 Fireball                 Conj/Fire      ###.......   65%         5    ######.

Inventory:

Missiles
 h - 11 poisoned needles
Armour
 i - a +0 large shield
Jewellery
 d - a +4 ring of evasion {unknown}
 s - an uncursed ring of stealth {unknown}
Scrolls
 a - 3 scrolls of remove curse {unknown}
 c - a scroll of enchant weapon {unknown}
 f - 3 scrolls of identify {unknown}
 k - a scroll of teleportation {unknown}
 m - a scroll of noise {unknown}
 n - a scroll of magic mapping {unknown}
 o - a scroll of immolation {unknown}
 t - a scroll of enchant armour {unknown}
Potions
 e - a potion of resistance {unknown}
 g - a potion of heal wounds {unknown}
 j - a potion of brilliance {unknown}
 l - a potion of flight {unknown}
 p - a potion of curing {unknown}
 r - a potion of cancellation {unknown}
Comestibles
 b - 2 rations {@e1}


Message History

The orc hits you with a +0 flail.
* * * LOW HITPOINT WARNING * * *
Casting: Flame Tongue (safe; 3% risk of failure)
Confirm with . or Enter, or press ? or * to list all spells.
Aiming: Flame Tongue (safe; 3% risk of failure)
Press: ? - help, Shift-Dir - straight line, f - orc
Aim: an orc, wielding a +0 flail and wearing a +0 plate armour (constricted by you, unusually agile)
The flame tongue hits the orc but does no damage.
You constrict the orc, but do no damage.
Casting: Flame Tongue (safe; 3% risk of failure)
Confirm with . or Enter, or press ? or * to list all spells.
Aiming: Flame Tongue (safe; 3% risk of failure)
Press: ? - help, Shift-Dir - straight line, f/p - orc
Aim: an orc, wielding a +0 flail and wearing a +0 plate armour (constricted by you, unusually agile)
The flame tongue hits the orc but does no damage.
You constrict the orc. The orc misses you.
You tentacle-slap the orc but do no damage.
The orc is lightly wounded.
You constrict the orc. The orc hits you with a +0 flail!
* * * LOW HITPOINT WARNING * * *
You release your grip on the orc.
Casting: Flame Tongue (safe; 3% risk of failure)
Confirm with . or Enter, or press ? or * to list all spells.
Aiming: Throw Flame (safe; 4% risk of failure)
Press: ? - help, Shift-Dir - straight line, f/p - orc
Aim: an orc, wielding a +0 flail and wearing a +0 plate armour (moderately wounded, unusually agile)
The puff of flame hits the orc but does no damage.
The orc is moderately wounded.
The orc hits you with a +0 flail!
You die...

Skill      XL: |  1  2  3  4 |
---------------+-------------+-----
Conjurations   | 2 3 |  3.2
Fire Magic     | 4 |  4.3
Dodging        | |  2.0
Stealth        | |  2.7
Spellcasting   | |  2.8

Action                   |  1- 3 |  4- 6 || total
-------------------------+-------+-------++-------
Melee: Unarmed           |    20 |    22 ||    42
       Constrict         |     8 |     8 ||    16
       Tentacles         |     4 |     2 ||     6
 Cast: Flame Tongue      |    19 |    29 ||    48
       Throw Flame       |    24 |    19 ||    43
 Stab: Sleeping          |     4 |     2 ||     6
  Eat: Chunk             |     5 |     3 ||     8
       Ration            |       |     1 ||     1
Armor: Skin              |     1 |     2 ||     3
Dodge: Dodged            |    18 |    28 ||    46

Notes
Turn   | Place    | Note
-------+----------+-------------------------------------------
     0 | D:1      | Aisha the Octopode Fire Elementalist began the quest for
                  | the Orb.
     0 | D:1      | Reached XP level 1. HP: 11/11 MP: 3/3
   263 | D:1      | Reached XP level 2. HP: 15/17 MP: 3/5
   267 | D:1      | Learned a level 2 spell: Throw Flame
  1445 | D:2      | Reached skill level 2 in Conjurations
  1445 | D:2      | Reached XP level 3. HP: 21/21 MP: 2/6
  1655 | D:2      | Found a sparkling altar of Nemelex Xobeh.
  2090 | D:2      | Reached XP level 4. HP: 27/27 MP: 2/7
  2143 | D:2      | Learned a level 3 spell: Conjure Flame
  2846 | D:3      | Noticed Natasha
  2846 | D:3      | Noticed an ice beast
  2850 | D:3      | Killed Natasha
  2850 | D:3      | Reached skill level 4 in Fire Magic
  3135 | D:3      | Reached skill level 3 in Conjurations
  3135 | D:3      | Reached XP level 5. HP: 23/31 MP: 0/9
  3167 | D:3      | Noticed Natasha
  3222 | D:3      | Killed Natasha
  3438 | D:2      | Slain by an orc

Vanquished Creatures
  Natasha (twice) (D:3)
  5 adders
  2 worms (D:2)
  2 dart slugs
  2 leopard geckos
  An orc (D:3)
  9 bats
  A giant cockroach (D:1)
  10 goblins
  5 hobgoblins
  2 jackals (D:2)
  A ball python (D:1)
  6 frilled lizards
  4 kobolds
  5 rats
57 creatures vanquished.
